 Dungeon Crawl Stone Soup version 0.29.0-11-gd7f09526c8 (webtiles) character file.

Game seed: 13145364824371732045

40084 Zonian the Warrior (level 13, -2/115 HPs)
             Began as a Demonspawn Necromancer on Sept 4, 2022.
             Was a Believer of Kikubaaqudgha.
             Slain by a cane toad (22 damage)
             ... on level 5 of the Lair of Beasts on Sept 5, 2022.
             The game lasted 00:54:15 (22019 turns).

Zonian the Warrior (Demonspawn Necromancer)        Turns: 22019, Time: 00:54:19

Health: -2/115     AC:  9    Str: 10    XL:     13   Next: 72%
Magic:  12/23      EV: 14    Int: 28    God:    Kikubaaqudgha [**....]
Gold:   905        SH:  0    Dex: 14    Spells: 8/25 levels left

rFire   . . .      SeeInvis +   A - +4 whip (elec)
rCold   x . .      Faith    .   (no shield)
rNeg    . . .      Spirit   .   q - +1 robe "Humowet" {Fly Int+3}
rPois   .          Reflect  .   (no helmet)
rElec   .          Harm     .   (no cloak)
rCorr   .          Rampage  .   (no gloves)
Will    .....                   (no boots)
Stlth   ++++......              f - amulet of magic regeneration
HPRegen 0.29/turn               G - ring of the Many Bounties {Wiz rC- Int+5 SInv}
MPRegen 0.58/turn               m - +4 ring of protection

@: lethally poisoned (-2 -> -8), flying, mesmerised
A: thin metallic scales 1, ignite blood 1, spiny 2, demonic touch 1
a: Renounce Religion, Unearth Wretches


You were on level 5 of the Lair of Beasts.
You worshipped Kikubaaqudgha.
Kikubaaqudgha was pleased with you.
You visited 3 branches of the dungeon, and saw 15 of its levels.

You collected 905 gold pieces.

Inventory:

Hand Weapons
 d - a +1 short sword
 A - a +4 whip of electrocution (weapon)
 K - a +1 rapier of venom
 N - a +1 vorpal war axe
Missiles
 n - 18 poisoned darts
Armour
 a - a +1 robe
 j - a scarf of invisibility
 q - the +1 robe "Humowet" (worn) {Fly Int+3}
   (You found it on level 3 of the Dungeon)

   Int:       It affects your intelligence (+3).
   Fly:       It grants you flight.
 O - a +2 robe of resistance
Jewellery
 c - a ring of ice
 f - an amulet of magic regeneration (around neck)
 m - a +4 ring of protection (right hand)
 o - a ring of protection from cold
 p - a ring of resist corrosion
 w - an amulet of regeneration
 F - a +6 ring of strength
 G - the ring of the Many Bounties (left hand) {Wiz rC- Int+5 SInv}
   (You acquired it on level 3 of the Lair of Beasts)

   [ring of wizardry]

   It improves your spell success rate.
   Int:       It affects your intelligence (+5).
   rC:        It makes you vulnerable to cold.
   SInv:      It lets you see invisible.
 H - a ring of protection from fire
Wands
 y - a wand of roots (8)
 z - a wand of flame (6)
 C - a wand of charming (15)
 L - a wand of mindburst (4)
Scrolls
 k - 5 scrolls of fog
 l - 3 scrolls of poison
 v - a scroll of blinking
 x - a scroll of enchant armour
 D - 2 scrolls of amnesia
 E - 2 scrolls of brand weapon {unknown}
 I - a scroll of magic mapping
 J - a scroll of summoning {unknown}
 M - 2 scrolls of enchant weapon
Potions
 b - 2 potions of magic
 e - 2 potions of flight
 g - 3 potions of heal wounds {unknown}
 h - 6 potions of lignification
 i - 3 potions of degeneration
 r - 4 potions of ambrosia
 s - 2 potions of curing
 t - 3 potions of brilliance
 u - 2 potions of mutation
 B - a potion of cancellation {unknown}


   Skills:
 - Level 15.0 Fighting
 - Level 9.3 Short Blades
 - Level 4.0 Maces & Flails
 + Level 6.1 Dodging
 - Level 8.3 Stealth
 - Level 6.9 Spellcasting
 - Level 11.4 Necromancy


You had 8 spell levels left.
You knew the following spells:

 Your Spells              Type           Power      Damage    Failure   Level
a - Necrotise             Necr           100%       1d9       1%          1
b - Vampiric Draining     Necr           65%        2d10      1%          3
c - Animate Dead          Necr           65%        N/A       1%          4
d - Agony                 Necr           65%        N/A       1%          5
e - Dispel Undead         Necr           65%        3d22      1%          4

Your spell library contained the following spells:

 Spells                   Type           Power      Damage    Failure   Level
 Sublimation of Blood     Necr           65%        N/A       1%          2
 Apportation              Tloc           18%        N/A       2%          1
 Sting                    Tmut/Pois      36%        1d4       2%          1
 Summon Small Mammal      Summ           36%        N/A       2%          1
 Anguish                  Hex/Necr       20%        N/A       2%          4
 Ensorcelled Hibernation  Hex/Ice        18%        N/A       3%          2
 Passwall                 Tmut/Erth      7%         N/A       3%          2
 Poisonous Vapours        Pois/Air       18%        N/A       3%          2
 Static Discharge         Conj/Air       9%         3-5/arc   3%          2
 Wereblood                Tmut           9%         N/A       3%          2
 Call Canine Familiar     Summ           9%         N/A       7%          3
 Confusing Touch          Hex            9%         N/A       7%          3
 Frozen Ramparts          Ice            18%        1d3       7%          3
 Ozocubu's Armour         Ice            9%         N/A       7%          3
 Portal Projectile        Hex/Tloc       18%        N/A       7%          3
 Swiftness                Air            9%         N/A       7%          3
 Ice Form                 Ice/Tmut       9%         N/A       22%         4
 Leda's Liquefaction      Hex/Erth       4%         N/A       22%         4
 Olgreb's Toxic Radiance  Pois           9%         N/A       22%         4
 Sticky Flame             Conj/Fire      9%         2d3       22%         4
 Summon Ice Beast         Ice/Summ       9%         N/A       22%         4
 Fireball                 Conj/Fire      4%         3d4       50%         5
 Iskenderun's Battlesphe  Conj           9%         2d6       50%         5
 Yara's Violent Unravell  Hex/Tmut       4%         3d4       50%         5
 Conjure Ball Lightning   Conj/Air       4%         3x3d6     96%         6
 Enfeeble                 Hex            4%         N/A       100%        7
 Orb of Destruction       Conj           4%         9d5       100%        7
 Ozocubu's Refrigeration  Ice            4%         4d8       100%        7
 Summon Hydra             Summ           4%         N/A       100%        7


Dungeon Overview and Level Annotations

Branches:
Dungeon (9/15)             Temple (1/1) D:5            Lair (5/5) D:8
 Shoals (0/4) Lair:3       Spider (0/4) Lair:3
  Slime: Lair:4-5       Orc: D:9-12

Altars:
Ashenzari
Cheibriados
Dithmenos
Fedhas
Gozag
Hepliaklqana
Kikubaaqudgha
Makhleb
Nemelex Xobeh
Okawaru
Qazlal
Ru
Sif Muna
Trog
Uskayaw
Vehumet
Wu Jian
Xom
Yredelemnul


Innate Abilities, Weirdness & Mutations

You are partially covered in thin metallic scales. (AC +2)
Your demonic aura sometimes causes spilled blood to erupt in flames.
You are mostly covered in sharp spines.
Your touch may inflict minor irresistible damage on your foes.


Message History

Aim: a merfolk avatar (moderately wounded, mesmerising)
You draw life force from the merfolk avatar.
You feel life coursing into your body.
You feel very sick. The cane toad is struck by your spines.
The cane toad stings you! The dire elephant tramples you!!
You hold your ground!
The dire elephant trunk-slaps you but does no damage.
The merfolk avatar chants its luring song.
The cane toad barely misses you.
Your sea snake zombie bites the dire elephant but does no damage.
Unknown command.
Casting: Vampiric Draining (safe; 1% risk of failure)
Confirm with . or Enter, or press ? or * to list all spells.
Aiming: Vampiric Draining (safe; 1% risk of failure)
Press: ? - help, Shift-Dir - straight line, f/p - merfolk avatar
Aim: a merfolk avatar (moderately wounded, mesmerising)
You draw life force from the merfolk avatar!
You feel life coursing into your body.
You feel very sick.
The dire elephant is struck by your spines.
The dire elephant tramples you!
You hold your ground!
The dire elephant trunk-slaps you! The cane toad stings you.
The merfolk avatar chants its luring song.
Your sea snake zombie bites the dire elephant but does no damage.
Unknown command.
Casting: Vampiric Draining (safe; 1% risk of failure)
Confirm with . or Enter, or press ? or * to list all spells.
Aiming: Vampiric Draining (safe; 1% risk of failure)
Press: ? - help, Shift-Dir - straight line, f/p - merfolk avatar
Aim: a merfolk avatar (heavily wounded, mesmerising)
You draw life force from the merfolk avatar!
You feel life coursing into your body.
You feel sick.
The dire elephant is struck by your spines.
The dire elephant tramples you!!
* * * LOW HITPOINT WARNING * * *
You hold your ground!
The dire elephant misses you.
The yak completely misses your sea snake zombie.
The cane toad stings you!!
You die...
Kikubaaqudgha rasps: "You have failed me!
Welcome... death!"

~~# #. ########~##... ~~~
~.#.~~~~.~~~~~~....... ~~ ..~~
~.~~~~~P~~~.......P ~~# ~~.~~
#~~~~~~#~.........
~~##~~##.~~~~~##~~##~~~#.......P♣
~~~~~~....~.~~~.~.~.~...~...?...♣
## ...#..............#..........
# ##.##........○YZYY..........Y.
#P.##.......○@P.YP....#.Y.....
####....#..#...#mF.#...#.Y.......
.##.#..............†.....PZ###...
.Z......Z...........P......P# ...
#####P..#...........^..........#.
# ######.##.#.##......P..P#..#. #
##########..............
####.###...#..# ### ##.##.##


You could see a dire elephant (ally target), a merfolk avatar (mesmerising), 3
yaks, a cane toad and a friendly sea snake zombie.

Vanquished Creatures
  6 hydras
  4 elephants
  5 black mambas
  2 torpor snails
  4 cane toads
  2 rime drakes
  7 komodo dragons
  A wind drake (Lair:5)
  2 polar bears
  12 blink frogs
  3 dream sheep
  A snapping turtle (Lair:3)
  A spriggan (Lair:5)
  A vampire (D:7)
  3 wyverns
  2 black mamba zombies
  A hog (D:8)
  25 yaks
  3 basilisks
  2 vampire mosquitoes (Lair:4)
  15 water moccasins
  3 black bears
  An ice beast (D:6)
  A sky beast (D:4)
  An ogre (D:6)
  5 wolves
  3 phantoms
  A komodo dragon zombie (Lair:5)
  2 rime drake zombies
  7 bullfrogs
  3 necrophages
  5 scorpions
  2 water moccasin zombies
  A wight (D:8)
  A yak zombie (Lair:2)
  4 killer bees (D:8)
  3 howler monkeys
  4 electric eels
  A bullfrog zombie (Lair:3)
  A crimson imp (D:3)
  An orc priest (D:5)
  2 hounds
  A jelly (D:4)
  3 iguanas
  7 orc wizards
  A gnoll (D:1)
  6 adders
  2 white imps (D:7)
  3 ufetubi (D:5)
  2 worms
  2 dart slugs
  39 orcs
  8 ball pythons
  3 bats
  10 endoplasms
  6 giant cockroaches
  3 hobgoblins
  3 jackals (D:4)
  8 kobolds
  3 quokkas
  2 frilled lizards
  6 goblins
  8 rats
280 creatures vanquished.

Vanquished Creatures (collateral kills)
  A dire elephant (Lair:5)
  3 hydras
  A catoblepas (Lair:4)
  A sea snake (Lair:5)
  A swamp dragon (Lair:4)
  Pikel (D:7)
  2 manticores (Lair:5)
  4 elephants
  4 cane toads
  A torpor snail (Lair:3)
  3 komodo dragons
  3 rime drakes
  2 polar bears (Lair:5)
  13 blink frogs
  7 dream sheep
  6 yaks
  A wyvern (Lair:5)
  A human (D:8)
  A vampire mosquito (Lair:4)
  4 water moccasins
  An ice beast (D:7)
  2 bullfrogs
  A howler monkey (D:7)
  An orc priest (D:7)
  A white imp (D:7)
  A ball python (D:3)
  A frilled lizard (D:1)
68 creatures vanquished.

Vanquished Creatures (others)
  A manticore (D:7)
  An elephant (Lair:4)
  2 black mambas
  A dire elephant zombie (Lair:5)
  8 cane toads
  A komodo dragon (Lair:5)
  3 rime drakes
  2 hydra zombies (Lair:5)
  A polar bear (Lair:4)
  3 dream sheep
  A black mamba zombie (Lair:3)
  A yak (Lair:3)
  A basilisk (Lair:5)
  5 cane toad zombies
  A manticore zombie (Lair:5)
  A dream sheep zombie (Lair:5)
  A vampire mosquito zombie (Lair:4)
  2 komodo dragon zombies (Lair:5)
  3 bullfrogs
  5 water moccasin zombies
  A wyvern zombie (Lair:5)
  7 yak zombies
  3 bullfrog zombies
  A black bear zombie (Lair:1)
  A basilisk zombie (Lair:5)
  A hobgoblin (D:7)
  A goblin zombie (D:7)
  A bush (Lair:5)
  47 fungi
  94 plants
201 creatures vanquished.

Grand Total: 549 creatures vanquished

Notes
Turn   | Place    | Note
-------+----------+-------------------------------------------
     0 | D:1      | Zonian the Demonspawn Necromancer began the quest for the
                  | Orb.
     0 | D:1      | Reached XP level 1. HP: 13/13 MP: 3/3
   402 | D:1      | Gained mutation: Your touch may inflict minor irresistible
                  | damage on your foes. [demonic ancestry]
   402 | D:1      | Reached XP level 2. HP: 16/19 MP: 1/5
  1163 | D:1      | Reached XP level 3. HP: 8/24 MP: 2/6
  1382 | D:1      | Found a faded altar of an unknown god.
  1762 | D:2      | HP: 1/24 [poisoned by an adder]
  2416 | D:2      | Reached skill level 5 in Necromancy
  2645 | D:2      | Gained mutation: You are partially covered in sharp spines.
                  | [demonic ancestry]
  2645 | D:2      | Reached XP level 4. HP: 29/30 MP: 6/8
  3240 | D:3      | Reached XP level 5. HP: 21/35 MP: 9/9
  3627 | D:3      | Identified the +1 robe "Humowet" {Fly Int+3}
  3695 | D:3      | Learned a level 3 spell: Vampiric Draining
  3700 | D:3      | Learned a level 4 spell: Animate Dead
  3787 | D:3      | Found a radiant altar of Vehumet.
  3787 | D:3      | Found a burning altar of Makhleb.
  4021 | D:3      | Found a hazy altar of Hepliaklqana.
  4288 | D:4      | Reached XP level 6. HP: 41/41 MP: 9/12
  4546 | D:4      | Found a broken altar of Ashenzari.
  4669 | D:4      | Noticed a sky beast
  4678 | D:4      | Killed a sky beast
  5073 | D:5      | Entered Level 5 of the Dungeon
  5149 | D:5      | Reached XP level 7. HP: 20/46 MP: 11/14
  5624 | D:5      | Found an ornate altar of the Wu Jian Council.
  5716 | D:5      | Reached skill level 5 in Spellcasting
  5750 | D:5      | Found a staircase to the Ecumenical Temple.
  5757 | Temple   | Entered the Ecumenical Temple
  5778 | Temple   | Became a worshipper of Kikubaaqudgha
  6699 | D:6      | Found an iron altar of Okawaru.
  7132 | D:6      | Gained mutation: Your demonic aura sometimes causes spilled
                  | blood to erupt in flames. [demonic ancestry]
  7132 | D:6      | Reached XP level 8. HP: 52/52 MP: 14/17
  7385 | D:6      | Reached * piety under Kikubaaqudgha
  7385 | D:6      | Received a gift from Kikubaaqudgha
  8310 | D:7      | Noticed Pikel
  8322 | D:7      | Reached skill level 1 in Short Blades
  8323 | D:7      | Killed Pikel
  8324 | D:7      | Reached XP level 9. HP: 24/57 MP: 8/19
  9094 | D:7      | Reached skill level 5 in Stealth
  9974 | D:8      | Reached skill level 6 in Fighting
  9974 | D:8      | Gained mutation: You are partially covered in thin metallic
                  | scales. (AC +2) [demonic ancestry]
  9974 | D:8      | Reached XP level 10. HP: 76/76 MP: 20/20
 10273 | D:8      | Found a snail-covered altar of Cheibriados.
 10488 | D:8      | Found a staircase to the Lair.
 10511 | D:8      | Found a sacrificial altar of Ru.
 10859 | D:8      | Found a shimmering altar of Xom.
 11055 | D:8      | Found a bloodstained altar of Trog.
 11056 | D:8      | Found a stormy altar of Qazlal.
 12113 | Lair:1   | Entered Level 1 of the Lair of Beasts
 12221 | Lair:1   | Noticed a five-headed hydra
 12239 | Lair:1   | Reached XP level 11. HP: 61/81 MP: 21/21
 12299 | Lair:1   | Killed a five-headed hydra
 12323 | Lair:1   | Reached ** piety under Kikubaaqudgha
 13447 | Lair:1   | Learned a level 5 spell: Agony
 13602 | Lair:1   | Reached skill level 7 in Fighting
 14105 | Lair:1   | Reached skill level 8 in Fighting
 14644 | Lair:2   | Reached skill level 9 in Fighting
 15882 | Lair:3   | Reached XP level 12. HP: 55/97 MP: 22/22
 15899 | Lair:3   | Reached skill level 10 in Fighting
 16157 | Lair:3   | Found a hole to the Spider Nest.
 16410 | Lair:3   | Reached skill level 11 in Fighting
 16702 | Lair:3   | Noticed a six-headed hydra
 16930 | Lair:3   | Noticed a four-headed hydra
 16936 | Lair:3   | Killed a four-headed hydra
 16937 | Lair:3   | Reached skill level 12 in Fighting
 16942 | Lair:3   | Learned a level 4 spell: Dispel Undead
 16953 | Lair:3   | Identified a scroll of acquirement
 16953 | Lair:3   | Acquired the ring of the Many Bounties {Wiz rC- Int+5 SInv}
 17104 | Lair:3   | Killed a six-headed hydra
 17409 | Lair:3   | Found a staircase to the Shoals.
 17658 | Lair:3   | Reached skill level 13 in Fighting
 18216 | Lair:4   | Noticed an eight-headed hydra
 18225 | Lair:4   | Killed an eight-headed hydra
 18655 | Lair:4   | Noticed an eight-headed hydra
 18664 | Lair:4   | Killed an eight-headed hydra
 19631 | Lair:4   | Noticed an eight-headed hydra
 19641 | Lair:4   | Killed an eight-headed hydra
 19647 | Lair:4   | Gained mutation: You are mostly covered in sharp spines.
                  | [demonic ancestry]
 19647 | Lair:4   | Reached XP level 13. HP: 16/112 MP: 15/23
 19650 | Lair:4   | Reached skill level 14 in Fighting
 20931 | Lair:5   | Entered Level 5 of the Lair of Beasts
 21019 | Lair:5   | Reached skill level 15 in Fighting
 21080 | Lair:5   | Reached skill level 1 in Maces & Flails
 21795 | Lair:5   | Noticed a dire elephant
 21805 | Lair:5   | Killed a dire elephant
 21806 | Lair:5   | Reached skill level 5 in Dodging
 21995 | Lair:5   | Noticed a dire elephant
 22019 | Lair:5   | Slain by a cane toad

Illustrated notes

Levels and vault maps discovered:
D:1:      dpeg_arrival_boxes_within_box, layout_rooms,
          dreamdust_ecumenical_altar_statues
D:2:      layout_basic, chequers_hall_statues_wall_a
D:3:      layout_loops_cross, grunt_temple_overflow_lords_of_destruction,
          worldfamousw_hep_ancestral_shrine
D:4:      layout_rooms, mainiacjoe_overflow_cross_hatched,
          minmay_misc_feat_secret_circle, grunt_decor_cap,
          minmay_misc_feat_diagonals, chequers_decorated_corner,
          hangedman_decor_clover_reticule
D:5:      layout_layer_cave, nzn_wu_jian_contemplation,
          minmay_temple_entry_crystal_x
D:6:      layout_loops_ring, overflow_temple_1_default
D:7:      cheibrodos_helix_gallery, layout_layer_cave, kennysheep_mini,
          uniq_pikel
D:8:      layout_basic, kennysheep_little_box, nicolae_ru_sacrificial_ziggurat,
          cheibrodos_worm_habitat, nicolae_overflow_squiral, lair_entry_dummy,
          minivault_14, grunt_livestock, corexii_hall_statues_s
D:9:      layout_stronghold
Temple:   nicolae_temple_ecumenical_triangle
Lair:1:   layout_cellular_growth
Lair:2:   layout_loops_ring
Lair:3:   layout_cave_pods, minmay_shoals_entry_hut, dummy_spider_entry,
          serial_bayou_shore_a
Lair:4:   layout_big_grid, serial_rivers, chequers_serial_rivers_micro_e,
          chequers_serial_rivers_micro_b, chequers_serial_rivers_marsh,
          chequers_serial_rivers_large_a, chequers_serial_rivers_micro_c, pond,
          infiniplex_staircase_pool, uniq_rupert
Lair:5:   gammafunk_lair_ancient_temple, layout_loops_ring, slime_entry_1,
          grunt_forest_stairs_basic, grunt_forest_large_clearing_hut

Skill      XL: |  1  2  3  4  5  6  7  8  9 10 11 12 13 |
---------------+----------------------------------------+-----
Stealth        | 2 4 5 7 8 |  8.3
Dodging        | 2 6 |  6.1
Necromancy     | 5 6 7 8 9 11 | 11.4
Spellcasting   | 3 4 6 |  6.9
Short Blades   | 3 7 8 9 |  9.3
Fighting       | 6 9 13 15 | 15.0
Maces & Flails | 4 |  4.0

Action                   |  1- 3 |  4- 6 |  7- 9 | 10-12 | 13-15 || total
-------------------------+-------+-------+-------+-------+-------++-------
Melee: Unarmed           |    11 |       |       |       |       ||    11
       Short sword       |    41 |    60 |    66 |    84 |       ||   251
       Touch             |    10 |     6 |    16 |    47 |    13 ||    92
       Punch             |       |     1 |     2 |     4 |     1 ||     8
       Whip              |       |       |    24 |   163 |    47 ||   234
Throw: Dart              |       |       |     2 |       |       ||     2
 Cast: Necrotise         |    43 |    52 |    53 |    19 |    20 ||   187
       Vampiric Draining |       |       |    15 |    55 |    22 ||    92
       Animate Dead      |       |       |     1 |     9 |     3 ||    13
       Agony             |       |       |       |       |     1 ||     1
Invok: Unearth Wretches  |       |       |     1 |     6 |     3 ||    10
Evoke: Wand              |       |       |     1 |    20 |    12 ||    33
  Use: Scroll            |     1 |     7 |    11 |     9 |     1 ||    29
       Potion            |       |     2 |     2 |     2 |     1 ||     7
 Stab: Sleeping          |       |     4 |       |    11 |       ||    15
       Paralysed         |       |       |     2 |     9 |     4 ||    15
       Distracted        |       |       |       |     2 |       ||     2
Armor: Robe              |    19 |    31 |    74 |   101 |    22 ||   247
       Skin              |       |    10 |       |    31 |       ||    41
Dodge: Dodged            |    55 |    32 |    70 |   198 |    48 ||   403
